 Dungeon Crawl Stone Soup version 0.29.1-2-gbd0b4ee654 (webtiles) character file.

Game seed: 17348819060040772382

286150 sifdire the Executioner (level 19, -1/177 HPs)
             Began as a Minotaur Berserker on Nov 20, 2022.
             Was a High Priest of Trog.
             Slain by a deep troll (12 damage)
             ... led by an ironbound preserver
             ... on level 1 of the Vaults.
             The game lasted 04:31:36 (52711 turns).

sifdire the Executioner (Minotaur Berserker)       Turns: 52711, Time: 04:31:37

Health: -1/177     AC: 31    Str: 33 (37) XL:     19   Next: 82%
Magic:  18/18      EV: 11    Int: -1 (4)  God:    Trog [*****.]
Gold:   3559       SH: 22    Dex: 11      Spells: 18/18 levels left

rFire   + + +      SeeInvis .   P - +4 broad axe (spect)
rCold   + + .      Faith    .   L - +1 tower shield {reflect}
rNeg    . . .      Spirit   .   K - +1 plate armour {rC+}
rPois   +          Reflect  +   M - +2 hat of Knowledge {Rampage}
rElec   +          Harm     .   F - +1 cloak
rCorr   +          Rampage  +   p - +2 pair of gloves
Will    +....                   B - +2 pair of boots
Stlth   ..........              v - amulet of Kuomitap {RegenMP rPois}
HPRegen 0.39/turn               o - ring of protection from fire
MPRegen 0.56/turn               T - ring "Jitzunea" {*Corrode rF+ Str+8}

@: resistant, hasted and slowed, lost intelligence, unable to read
A: horns 2, retaliatory headbutt
}: 2/15 runes: decaying, gossamer
a: Renounce Religion, Berserk, Trog's Hand, Brothers in Arms


You were on level 1 of the Vaults.
You worshipped Trog.
Trog was extremely pleased with you.
You visited 8 branches of the dungeon, and saw 33 of its levels.
You visited the Abyss 1 time.
You also visited: Trove, Gauntlet, Ice Cave and Volcano.

You collected 4586 gold pieces.
You spent 1027 gold pieces at shops.

Inventory:

Hand Weapons
 n - a +2 antimagic broad axe
 P - a +4 spectral broad axe (weapon)
 Z - a +0 eveningstar
Missiles
 k - 61 poisoned darts (quivered)
 u - 7 curare-tipped darts
Armour
 p - a +2 pair of gloves (worn)
 B - a +2 pair of boots (worn)
 F - a +1 cloak (worn)
 K - a +1 plate armour of cold resistance (worn)
 L - a +1 tower shield of reflection (worn)
 M - the +2 hat of Knowledge (worn) {Rampage}
   (You acquired it on level 3 of the Spider Nest)

   Rampage:   It bestows one free step when moving towards enemies.
 R - the +7 plate armour "Plog" {Harm Int+4}
   (You bought it in a shop on level 2 of the Orcish Mines)

   Int:       It affects your intelligence (+4).
   Harm:      It increases damage dealt and taken.
Jewellery
 d - a ring of positive energy
 g - a ring of see invisible
 o - a ring of protection from fire (left hand)
 v - the amulet of Kuomitap (around neck) {RegenMP rPois}
   (You found it in a treasure trove)

   [amulet of magic regeneration]

   It increases your rate of magic regeneration.
   rPois:     It protects you from poison.
 w - the ring of New Discoveries {rC+ rN+ EV+4}
   (You found it in a treasure trove)

   [ring of evasion]

   EV:        It affects your evasion (+4).
   rC:        It protects you from cold.
   rN:        It protects you from negative energy.
 E - a ring of flight
 T - the ring "Jitzunea" (right hand) {*Corrode rF+ Str+8}
   (You found it on level 1 of the Vaults)

   [ring of protection from fire]

   Str:       It affects your strength (+8).
   rF:        It protects you from fire.
   *Corrode:  It may corrode you when you take damage.
Wands
 f - a wand of paralysis (38)
 h - a wand of quicksilver (17)
 A - a wand of flame (56)
 J - a wand of polymorph (14)
 O - a wand of iceblast (28)
 X - a wand of digging (6)
 Y - a wand of mindburst (19)
Scrolls
 q - 3 scrolls of magic mapping
 y - 9 scrolls of teleportation
 z - 2 scrolls of enchant armour
 C - 4 scrolls of blinking
 H - a scroll of fear
 Q - a scroll of summoning
Potions
 a - 4 potions of might
 e - 3 potions of curing
 i - 8 potions of flight
 j - 9 potions of lignification
 l - 8 potions of magic
 m - 6 potions of resistance
 s - 2 potions of cancellation
 t - 6 potions of invisibility
 G - 2 potions of haste
Miscellaneous
 c - a tin of tremorstones (1/2)
 I - a phial of floods
 S - a lightning rod (4/4)
 U - a box of beasts
 W - a phantom mirror


   Skills:
 * Level 17.0 Fighting
 * Level 22.2 Axes
 + Level 18.0 Armour
 - Level 8.7 Dodging
 - Level 22.0 Shields
 + Level 10.1 Evocations


You had 18 spell levels left.
You didn't know any spells.
Your spell library contained the following spells:

 Spells                   Type           Power      Damage    Failure   Level
 Freeze                   Ice            0%         1d3       99%         1
 Sandblast                Erth           0%         2d4       99%         1
 Slow                     Hex            0%         N/A       99%         1
 Ensorcelled Hibernation  Hex/Ice        0%         N/A       100%        2
 Passwall                 Tmut/Erth      0%         N/A       100%        2
 Confusing Touch          Hex            0%         N/A       100%        3
 Gell's Gravitas          Tloc           0%         N/A       100%        3
 Stone Arrow              Conj/Erth      0%         3d7       100%        3
 Swiftness                Air            0%         N/A       100%        3
 Teleport Other           Tloc           0%         N/A       100%        3
 Vampiric Draining        Necr           0%         2d6       100%        3
 Animate Dead             Necr           0%         N/A       100%        4
 Ice Form                 Ice/Tmut       0%         N/A       100%        4
 Leda's Liquefaction      Hex/Erth       0%         N/A       100%        4
 Borgnjor's Vile Clutch   Necr/Erth      0%         N/A       100%        5
 Iskenderun's Battlesphe  Conj           0%         2d6       100%        5
 Lee's Rapid Deconstruct  Erth           0%         3d5*      100%        5
 Summon Forest            Summ/Tloc      0%         N/A       100%        5
 Summon Mana Viper        Hex/Summ       0%         N/A       100%        5
 Death Channel            Necr           0%         N/A       100%        6
 Dispersal                Tloc           0%         N/A       100%        6
 Iron Shot                Conj/Erth      0%         9d1       100%        6
 Statue Form              Tmut/Erth      0%         N/A       100%        6
 Summon Cactus Giant      Summ           0%         N/A       100%        6
 Spellforged Servitor     Conj/Summ      0%         N/A       100%        7


Dungeon Overview and Level Annotations

Branches:
Dungeon (15/15)            Temple (1/1) D:7            Lair (5/5) D:10
  Swamp (4/4) Lair:3       Spider (4/4) Lair:3        Slime (0/5) Lair:4
    Orc (2/2) D:12            Elf (0/3) Orc:2        Vaults (1/5) D:13
 Depths (1/4) D:15          IceCv (visited)         Volcano (visited)
Gauntlet (visited)

Altars:
Ashenzari
Elyvilon
Gozag
Nemelex Xobeh
Sif Muna
Trog
Uskayaw
Wu Jian
Xom
Zin
The Shining One
Jiyva

Shops:
D:3 ?   D:4 (   D:8 (   D:14 [   Orc:2 ([((   Vaults:1 *

Annotations:
D:13 3 runed translucent doors, Zicsot's ghost, adept TrBe
Lair:5 exclusion: obsidian statue


Innate Abilities, Weirdness & Mutations

You have a pair of horns on your head.
You reflexively headbutt those who attack you in melee.


Message History

* * * LOW HITPOINT WARNING * * *
The vault sentinel blows a loud note on a signal horn!
The vault guard hits your +4 spectral broad axe with a +0 dire flail!!
Your spectral weapon shares its damage with you!
Your +4 spectral broad axe fades away.
* * * LOW HITPOINT WARNING * * *
Your Fighting skill increases to level 17!
The ironbound frostheart calls freezing cold from the walls.
The frost grips you but does no damage. You block the vault guard's attack.
You feel better. The ice encasing you melts away.
The ironbound frostheart calls freezing cold from the walls.
The frost grips you!! You partially resist.
* * * LOW HITPOINT WARNING * * *
You are encased in ice.
You block the vault guard's attack.
The vault sentinel blows a loud note on a signal horn!
You feel protected.
You feel the effects of Trog's Hand fading.
You block the vault guard's attack.
You feel better. The ice encasing you melts away.
You block the ironbound frostheart's attack.
You block the vault guard's attack.
The ironbound frostheart touches you but does no damage.
The vault guard hits you with a +0 dire flail.
* * * LOW HITPOINT WARNING * * *
The deep troll bites you!
* * * LOW HITPOINT WARNING * * *
The deep troll claws you but does no damage. x2
The vault guard barely misses you.
You feel yourself speed up.
Your skin stops crawling.
You feel less strong-willed.
You block the ironbound frostheart's attack.
You block the vault guard's attack.
You block the ironbound frostheart's attack.
The vault guard hits you with a +0 dire flail.
* * * LOW HITPOINT WARNING * * *
The deep troll bites you!
You die...

#............#..⌠..'..8..'..⌠..#.
#............#.....#.....#.....#.
#............##...###...###...##.
#.............##################.
#..............................##
#.............^......?=..........
................................
..............pT................
............)Tp@................
#+###########p###################
.. #.[....p[k################...
T.###.........#..............#...
#..#........p#..............'...
#.p))........#..............#...
k.###.........#..............#...
. #.........'..............#...
###########..........^...####


You could see a vault guard (strong), an ironbound frostheart, 2 deep trolls and
a wizard.

Vanquished Creatures
  Mara (Spider:3)
  Nikola (Swamp:1)
  Rupert (D:12)
  A tentacled monstrosity (Swamp:4)
  Kirke (Spider:3)
  2 thorn hunters (Swamp:4)
  Donald (Swamp:3)
  Agnes (D:14)
  Roxanne (Swamp:1)
  8 ghost moths
  4 emperor scorpions
  Louise (D:14)
  2 vault wardens (Vaults:1)
  Aizul (Swamp:1)
  4 ironbound preservers (Vaults:1)
  A very ugly thing (IceCv)
  A broodmother (Spider:4)
  4 eleionomae
  2 spark wasps (Spider:4)
  A minotaur (Gauntlet)
  Azrael (D:14)
  2 entropy weavers
  7 bunyips
  4 dire elephants
  The ghost of hawla the Jinx, a journeyman MeFE of Jiyva (Swamp:1)
  A crystal guardian (D:13)
  2 yaktaur captains (D:13)
  2 vault guards (Vaults:1)
  A great orb of eyes (Vaults:1)
  2 shambling mangroves
  Harold (D:10)
  17 hydras
  8 boulder beetles
  A peacekeeper (Vaults:1)
  A jorogumo (Spider:1)
  2 caustic shrike simulacra (IceCv)
  2 ghost crabs (Swamp:1)
  3 catoblepae
  2 ogre magi (Orc:2)
  2 ironbound frosthearts (Vaults:1)
  16 centaur warriors
  5 alligators
  2 radroaches
  10 death yaks
  4 tengu warriors
  10 two-headed ogres
  Nergalle (Orc:1)
  An iron troll (D:13)
  10 pharaoh ants
  8 deep trolls
  10 goliath frogs
  A skeletal warrior (D:13)
  8 steelbarb worms
  6 spriggan druids
  A spectral anaconda (Lair:5)
  6 orb spiders
  6 bog bodies
  13 swamp dragons
  A spectral hydra (Swamp:1)
  A wizard (Gauntlet)
  7 lindwurms
  2 orc knights
  4 necromancers (Lair:5)
  An orc sorcerer (Orc:2)
  25 wolf spiders
  4 manticores
  4 deep elf pyromancers
  7 cyclopes
  3 will-o-the-wisps
  9 ugly things
  2 toenail golems (Volcano)
  33 elephants
  3 vault sentinels (Vaults:1)
  A dire elephant zombie (Lair:5)
  5 black mambas
  3 molten gargoyles (Volcano)
  A gargoyle (D:14)
  10 cane toads
  An ice statue (Swamp:1)
  7 torpor snails
  A hellion (Abyss:3)
  A freezing wraith (D:13)
  6 yaktaurs
  A kobold demonologist (D:12)
  5 demonic crawlers
  3 efreet (Volcano)
  6 rime drakes
  7 komodo dragons
  2 golden dragon simulacra (IceCv)
  2 queen bees
  A polar bear (shapeshifter) (D:15)
  6 meliai (D:13)
  A polar bear (Lair:3)
  Prince Ribbit (D:5)
  37 tarantellas
  15 trolls
  7 tyrant leeches
  25 slime creatures
  Grinder (D:3)
  7 blink frogs
  16 hornets
  2 spectral elephants (Lair:5)
  17 spriggans
  37 jumping spiders
  A centaur simulacrum (D:14)
  A dire elephant simulacrum (IceCv)
  4 shadows (Gauntlet)
  31 culicivoras
  4 wraiths
  7 fire elementals
  6 wyverns
  13 vampire mosquitoes
  38 yaks
  A human (shapeshifter) (D:13)
  6 basilisks
  6 hogs (Spider:3)
  2 steam dragons
  A death yak simulacrum (Lair:5)
  47 redbacks
  A harpy simulacrum (IceCv)
  14 swamp worms
  4 wargs
  An acid dragon (D:12)
  9 water moccasins
  3 hell hounds (D:14)
  26 orc warriors
  6 swamp drakes
  2 sky beasts
  2 black bears
  An elephant zombie (Lair:5)
  A spriggan simulacrum (Swamp:1)
  20 ogres
  6 wolves
  5 boggarts (Vaults:1)
  12 centaurs
  6 kobold brigands
  A gnoll sergeant (D:4)
  An earth elemental (Volcano)
  3 scorpions
  A small abomination (Abyss:3)
  12 bullfrogs
  A cane toad simulacrum (Lair:5)
  10 wights
  2 lindwurm simulacra (IceCv)
  2 elephant simulacra (Lair:5)
  43 killer bees
  6 electric eels
  5 howler monkeys
  2 starcursed masses (Abyss:3)
  A jelly (D:4)
  15 orc priests
  5 hounds
  A gnoll bouda (D:7)
  Ijyb (D:5)
  3 iguanas
  22 orc wizards
  10 gnolls
  2 adders
  A shadow imp (Gauntlet)
  3 white imps
  2 ufetubi
  4 worms
  3 dart slugs
  67 orcs
  9 ball pythons
  6 bats
  8 endoplasms
  6 giant cockroaches
  9 goblins
  7 hobgoblins
  6 quokkas
  4 frilled lizards
  19 kobolds
  10 rats
  A briar patch (Swamp:4)
1161 creatures vanquished.

Vanquished Creatures (collateral kills)
  A hydra (Swamp:3)
  A death knight (D:14)
  3 hornets
  2 spriggans
7 creatures vanquished.

Vanquished Creatures (others)
  A hydra (Swamp:1)
  A spectral death yak (Lair:5)
  An ugly thing (D:14)
  3 bloated husks
  A hornet (Swamp:1)
  2 tyrant leeches (Swamp:1)
  A tarantella (Spider:1)
  A death drake simulacrum (Swamp:1)
  A sky beast (D:7)
  A swamp drake (Swamp:4)
  4 briar patches (Swamp:4)
  2 bushes (Lair:5)
  4 demonic plants (Gauntlet)
  2 fire vortices (Volcano)
  8 foxfires
  34 fungi
  62 plants
  2 starspawn tentacles (Abyss:3)
  19 withered plants (Lair:5)
150 creatures vanquished.

Grand Total: 1318 creatures vanquished

Notes
Turn   | Place    | Note
-------+----------+-------------------------------------------
     0 | D:1      | sifdire the Minotaur Berserker began the quest for the Orb.
     0 | D:1      | Reached XP level 1. HP: 19/19 MP: 0/0
   136 | D:1      | Reached XP level 2. HP: 14/26 MP: 1/1
   478 | D:1      | Reached skill level 5 in Axes
   484 | D:1      | Reached ** piety under Trog
   555 | D:1      | Reached XP level 3. HP: 31/31 MP: 2/2
   856 | D:1      | Found a faded altar of an unknown god.
  1650 | D:2      | You fall into a shaft and drop 2 floors!
  1839 | D:4      | Reached XP level 4. HP: 39/39 MP: 3/3
  2228 | D:3      | Found a sparkling altar of Nemelex Xobeh.
  2232 | D:3      | Found an opulent altar of Gozag.
  2237 | D:3      | Found a shimmering altar of Xom.
  2298 | D:3      | Reached XP level 5. HP: 25/45 MP: 4/4
  2577 | D:3      | Found Alyasuon's Magic Scroll Shop.
  2627 | D:3      | Noticed Grinder
  2642 | D:3      | Killed Grinder
  2643 | D:3      | Reached XP level 6. HP: 51/51 MP: 5/5
  2959 | D:4      | Reached *** piety under Trog
  3017 | D:4      | Found Vyclad's Weapon Boutique.
  3137 | D:4      | Reached XP level 7. HP: 54/57 MP: 6/6
  3350 | D:4      | Reached skill level 10 in Axes
  3900 | D:5      | Entered Level 5 of the Dungeon
  4300 | D:5      | Noticed a wyvern
  4321 | D:5      | Killed a wyvern
  4322 | D:5      | Reached XP level 8. HP: 64/64 MP: 7/7
  4881 | D:5      | Noticed Ijyb
  4899 | D:5      | Killed Ijyb
  5029 | D:5      | Noticed Prince Ribbit
  5048 | D:5      | Killed Prince Ribbit
  5827 | D:6      | Reached skill level 1 in Shields
  5953 | D:6      | Reached XP level 9. HP: 70/70 MP: 8/8
  6541 | D:7      | Reached skill level 5 in Armour
  6945 | D:7      | Found a staircase to the Ecumenical Temple.
  6978 | Temple   | Entered the Ecumenical Temple
  7219 | D:8      | Reached skill level 5 in Shields
  7574 | D:8      | Found Mefrygor's Antique Weapon Emporium.
  7807 | D:8      | Reached **** piety under Trog
  8336 | D:9      | Reached XP level 10. HP: 62/77 MP: 9/9
  8574 | D:9      | Found a glowing silver altar of Zin.
  9234 | D:10     | Entered Level 10 of the Dungeon
  9359 | D:10     | Noticed Harold
  9371 | D:10     | Killed Harold
  9489 | D:10     | Reached skill level 10 in Armour
  9498 | D:10     | Reached skill level 10 in Shields
  9857 | D:10     | Reached XP level 11. HP: 53/82 MP: 10/10
 10034 | D:10     | Found a staircase to the Lair.
 10514 | D:11     | Noticed a two-headed ogre
 10525 | D:11     | Killed a two-headed ogre
 10587 | D:11     | Reached skill level 15 in Axes
 10916 | Lair:1   | Entered Level 1 of the Lair of Beasts
 10966 | Lair:1   | Found a gate leading to a gauntlet.
 10976 | Gauntlet | Entered a Gauntlet
 10976 | Gauntlet | Found a transporter.
 10976 | Gauntlet | Found a transporter.
 10978 | Gauntlet | Found a transporter.
 10982 | Gauntlet | Found a transporter.
 10982 | Gauntlet | Found a transporter.
 10983 | Gauntlet | Found a transporter.
 11010 | Gauntlet | Noticed a necromancer
 11011 | Gauntlet | Found a runed translucent door.
 11013 | Gauntlet | Found a runed translucent door.
 11015 | Gauntlet | Found a transporter.
 11019 | Gauntlet | Found a transporter.
 11021 | Gauntlet | Noticed a hell beast
 11028 | Gauntlet | Found a transporter.
 11043 | Gauntlet | Found a transporter.
 11060 | Gauntlet | Found a transporter.
 11061 | Gauntlet | Found a transporter.
 11062 | Gauntlet | Found a runed translucent door.
 11065 | Gauntlet | Noticed a wizard
 11361 | Gauntlet | Killed a wizard
 11425 | Gauntlet | Reached skill level 1 in Evocations
 11446 | Gauntlet | Identified the ring of Okawaru's Condemnation {rC+ SInv
                  | Stlth+}
 11468 | Gauntlet | Noticed a minotaur
 11489 | Gauntlet | Killed a minotaur
 11490 | Gauntlet | Reached skill level 5 in Fighting
 11542 | Gauntlet | Got the Collected Works on the Blizzard
 11549 | Gauntlet | Identified the +3 buckler of Elyvilon's Delight {rC+ Will+
                  | Str+3}
 11549 | Gauntlet | Identified the +1 leather armour "Yqang" {Regen+}
 12606 | Lair:2   | Noticed a five-headed hydra
 12614 | Lair:2   | Killed a five-headed hydra
 12706 | Lair:2   | Found a dark tunnel.
 12715 | Volcano  | Entered a volcano
 12773 | Volcano  | Reached XP level 12. HP: 58/100 MP: 11/11
 12963 | Volcano  | Reached skill level 5 in Evocations
 13870 | Lair:2   | Reached skill level 10 in Fighting
 14697 | D:12     | Noticed a four-headed hydra
 14711 | D:12     | Killed a four-headed hydra
 14975 | D:12     | Noticed Rupert
 15008 | D:12     | Killed Rupert
 15116 | D:12     | Reached XP level 13. HP: 96/116 MP: 12/12
 15653 | D:12     | Reached ***** piety under Trog
 15760 | D:12     | Found a staircase to the Orcish Mines.
 15905 | Orc:1    | Entered Level 1 of the Orcish Mines
 15906 | Orc:1    | Noticed Nergalle
 15981 | Orc:1    | Killed Nergalle
 16134 | Orc:1    | Received a gift from Trog
 16913 | Orc:2    | Entered Level 2 of the Orcish Mines
 17604 | Orc:2    | Found Mapeput's Weapon Boutique.
 17655 | Orc:2    | Reached skill level 10 in Evocations
 18145 | Orc:2    | Found Leicemaf's Armour Shoppe.
 18154 | Orc:2    | Found Kasobyij's Antique Weapon Shop.
 18155 | Orc:2    | Found Mazur's Antique Weapon Shop.
 18256 | Orc:2    | Reached XP level 14. HP: 126/126 MP: 13/13
 18423 | Orc:2    | Found a staircase to the Elven Halls.
 19174 | Lair:3   | Found a hole to the Spider Nest.
 19220 | Spider:1 | Entered Level 1 of the Spider Nest
 19320 | Lair:3   | Received a gift from Trog
 19966 | Lair:3   | Found a staircase to the Swamp.
 20652 | Lair:4   | Found a viscous altar of Jiyva.
 20652 | Lair:4   | Found a staircase to the Slime Pits.
 21221 | Lair:5   | Entered Level 5 of the Lair of Beasts
 21301 | Lair:5   | Reached skill level 5 in Dodging
 22385 | Lair:5   | Reached XP level 15. HP: 48/134 MP: 4/14
 22793 | Lair:5   | HP: 4/131 [dire elephant (14)]
 22801 | Lair:5   | HP: 4/131 [dire elephant (29)]
 23891 | D:13     | Reached skill level 15 in Shields
 24501 | D:13     | Found a runed translucent gate.
 24501 | D:13     | Found a runed translucent gate.
 24501 | D:13     | Found a runed translucent gate.
 24504 | D:13     | Noticed Zicsot's ghost (adept TrBe)
 24551 | D:13     | vault w/ ghost, troll zerker w/ vorpal mace + 2 hydras
 25073 | D:13     | Received a gift from Trog
 25146 | D:13     | Found a gate to the Vaults.
 25276 | D:14     | Noticed Agnes
 25299 | D:14     | Killed Agnes
 25737 | D:14     | Found Ahemap's Antique Armour Shoppe.
 25999 | D:14     | Noticed Louise
 26003 | Abyss:3  | Cast into level 3 of the Abyss (Louise)
 26209 | Abyss:3  | Noticed a Hell Sentinel
 26237 | Abyss:3  | Noticed a tentacled starspawn
 26247 | D:14     | Escaped the Abyss
 26268 | D:14     | Killed Louise
 26809 | D:14     | Found a shimmering blue altar of Sif Muna.
 26902 | D:14     | Noticed Azrael
 26913 | D:14     | Killed Azrael
 27370 | D:15     | Entered Level 15 of the Dungeon
 27702 | D:15     | Reached XP level 16. HP: 133/140 MP: 5/15
 28120 | D:15     | Found a glowing silver altar of Zin.
 28151 | D:15     | Found a portal to a secret trove of treasure.
 28159 | Trove    | Entered a treasure trove
 28192 | Trove    | Identified the amulet of Kuomitap {RegenMP rPois}
 28217 | Trove    | Identified the ring of New Discoveries {rC+ rN+ EV+4}
 28223 | Trove    | Identified the +8 battleaxe of Purpose {vorpal, rF+ Will+
                  | Int-2}
 28525 | D:15     | Found a white marble altar of Elyvilon.
 28528 | D:15     | Found a glowing golden altar of the Shining One.
 28638 | D:15     | Found a staircase to the Depths.
 29051 | Depths:1 | Entered Level 1 of the Depths
 29311 | Swamp:1  | Entered Level 1 of the Swamp
 29327 | Swamp:1  | Found a frozen archway.
 29401 | IceCv    | Entered an ice cave
 29714 | IceCv    | Found a transporter.
 29731 | IceCv    | Found a transporter.
 29863 | Swamp:1  | Reached * piety under Trog
 30389 | Swamp:1  | Noticed Nikola
 30908 | Swamp:1  | Killed Nikola
 31220 | Swamp:1  | Found a transporter.
 31223 | Swamp:1  | Found a transporter.
 31223 | Swamp:1  | Noticed hawla's ghost (journeyman MeFE)
 31289 | Swamp:1  | Killed hawla's ghost
 31708 | Swamp:1  | Noticed Roxanne
 31743 | Swamp:1  | Killed Roxanne
 32825 | Swamp:2  | Noticed Aizul
 32991 | Swamp:1  | Killed Aizul
 34069 | Swamp:1  | Reached XP level 17. HP: 148/148 MP: 5/16
 35944 | Swamp:3  | Reached skill level 15 in Armour
 36750 | Swamp:3  | Identified the +7 spear of Sunket {antimagic, rElec rF+
                  | Str+4}
 37147 | Swamp:4  | Entered Level 4 of the Swamp
 37160 | Swamp:3  | Reached XP level 18. HP: 159/159 MP: 5/17
 37351 | Swamp:4  | Noticed Donald
 37370 | Swamp:3  | Killed Donald
 38023 | Swamp:4  | Noticed a tentacled monstrosity
 38041 | Swamp:4  | Killed a tentacled monstrosity
 40358 | Swamp:4  | Got a decaying rune of Zot
 41591 | Spider:1 | You fall into a shaft and drop 1 floor!
 41617 | Spider:2 | Reached skill level 15 in Fighting
 41617 | Spider:2 | Received a gift from Trog
 42875 | Spider:3 | Identified a scroll of acquirement
 42884 | Spider:3 | Acquired the +2 hat of Knowledge {Rampage}
 43037 | Spider:3 | Identified the +6 war axe "Putothruu" {vorpal, SInv} (Trog
                  | gifted it to you on level 3 of the Spider Nest)
 43037 | Spider:3 | Received a gift from Trog
 43048 | Spider:3 | Noticed Kirke
 43058 | Spider:3 | Killed Kirke
 43373 | Spider:3 | Reached XP level 19. HP: 168/170 MP: 18/18
 43455 | Spider:3 | Noticed Mara
 43563 | Spider:3 | Noticed sifdire's illusion
 43780 | Spider:3 | Noticed sifdire's illusion
 44040 | Spider:3 | Killed Mara
 44636 | Spider:4 | Entered Level 4 of the Spider Nest
 46435 | Spider:4 | Received a gift from Trog
 46636 | Spider:4 | Lost intelligence.
 50553 | Spider:4 | Identified the amulet of Activism {Spirit rPois rF- rC++}
 50589 | Spider:4 | Got a gossamer rune of Zot
 51127 | Orc:2    | Bought the +7 plate armour "Plog" {Harm Int+4} for 1027
                  | gold pieces
 51238 | Vaults:1 | Entered Level 1 of the Vaults
 51767 | Vaults:1 | Found Ari Ewn's Assorted Antiques.
 51798 | Vaults:1 | Identified the ring "Jitzunea" {*Corrode rF+ Str+8}
 52711 | Vaults:1 | Slain by a deep troll

Illustrated notes

####.[.....##.#
##.########.##.#####.#
##.#.## #.>............
##.###.###.##......?....
#.## ##......>...######.
...# #.######.#######
###.#.# #<# #.##♣♣♣#
#..# #.####.#...|♣# #.##
#...@..+D....P ..#.
#.###..+W.)..♣
#.###.#######.#
##.+D..:.~ ..
#..........# #.#.[..♣#
....##..##### #.##PPP# .
#..###############
#...†....^..#
#.#########.# #.


Turn 24551 on D:13: vault w/ ghost, troll zerker w/ vorpal mace + 2 hydras

Levels and vault maps discovered:
D:1:      zelgadis_glass_arrival_small, layout_basic,
          shapermc_ecumenical_altar_venn
D:2:      layout_basic
D:3:      layout_rooms, grunt_temple_overflow_diamond, serial_shops, shop,
          minmay_cut_off, uniq_grinder
D:4:      layout_basic, serial_shops, nicolae_shop_crystal,
          hangedman_abyss_or_decor_lesser_grid
D:5:      layout_gridville, minmay_stone_trees_small, uniq_prince_ribbit1,
          uniq_ijyb
D:6:      layout_loops_cross, minmay_misc_feat_diagonals, hex_large,
          grunt_decor_clamped
D:7:      layout_rooms, temple_fountains
D:8:      layout_rooms, serial_shops, nicolae_shop_crystal
D:9:      layout_irregular_city, marbit_many_paths, patterned_corridor
D:10:     layout_rooms, erik_lair_island, uniq_harold
D:11:     layout_rooms
D:12:     layout_small_grid, david_orc_4, kennysheep_generic_room_7, uniq_rupert
D:13:     regret_index_combs_of_tragedy, layout_loops_ring, david_vaults_4,
          gammafunk_ghost_hydra_chop
D:14:     layout_loops_corners, lemuel_blue_sif_altar, serial_shops, shop,
          uniq_louise, uniq_agnes, uniq_azrael
D:15:     hangedman_depths_entry_try_elsewhere_first, layout_loops_ring,
          good_gods_mini_temple, nicolae_trove_entry_crossroad,
          minmay_misc_feat_hallway, st_stairs_11
Temple:   nicolae_temple_two_arcs
Lair:1:   layout_hall_layers, gauntlet_entry_generic, serial_bayou_shore_a,
          lemuel_fruit_tree
Lair:2:   layout_long_grid, nicolae_volcano_entry_two_sided,
          infiniplex_staircase_pool, lemuel_fruit_fields
Lair:3:   layout_gridlike, skrybe_swamp_entry_bodies,
          nicolae_spider_entry_orb_guardian
Lair:4:   layout_cellular_growth, dpeg_slime_entry_corner, grunt_megastairs_5
Lair:5:   due_jungle_book, layout_loops_ring, grunt_forest_stairs_basic,
          minmay_lair_drake_nest, grunt_megastairs_4
Swamp:1:  layout_basic_swamp, portal_ice_cave_entry_ice_statue_one,
          gammafunk_ghost_mausoleum, evilmike_swamp_ruin_rubble_2, uniq_nikola,
          uniq_roxanne
Swamp:2:  layout_basic_swamp, nicolae_swamp_some_circles, uniq_aizul
Swamp:3:  layout_basic_swamp, evilmike_swamp_ruin_house_1
Swamp:4:  swamp_alternative, layout_basic_swamp, uniq_donald
Spider:1: layout_spider_delve
Spider:2: layout_spider_delve, nicolae_spider_cling_halls
Spider:3: layout_cave_pods, uniq_mara, uniq_kirke
Spider:4: grunt_spider_rune_parallel, nicolae_spider_eight_legs
Orc:1:    layout_caves, uniq_nergalle
Orc:2:    st_orc_open, layout_caves, nicolae_orc_tapped_out
Vaults:1: nicolae_vaults_inception_scallops, vaults_mumra_minichess_inversion,
          hangedman_vaults_maws, vaults_mumra_minichess,
          nicolae_vaults_an_arrangement, v_alt_pattern_1,
          grunt_vaults_hallway_long, v_misc_14, ontoclasm_vaults_hangar,
          layout_vaults_big_room, serial_shops, shop
Depths:1: layout_basic, minivault_14, grunt_hell_horde, nemelex_altar_shiori

Skill      XL: |  1  2  3  4  5  6  7  8  9 10 11 12 13 14 15 16 17 18 19 |
---------------+----------------------------------------------------------+-----
Axes           | 4 5 6 8 9 11 14 16 19 20 21 22 | 22.2
Shields        | 1 7 10 13 14 16 18 20 22 | 22.0
Armour         | 3 7 10 11 12 14 15 16 18 | 18.0
Fighting       | 7 11 12 13 15 17 | 17.0
Evocations     | 4 8 10 | 10.1
Dodging        | 6 8 |  8.7

Action                   |  1- 3 |  4- 6 |  7- 9 | 10-12 | 13-15 | 16-18 | 19-21 || total
-------------------------+-------+-------+-------+-------+-------+-------+-------++-------
Melee: Hand axe          |   110 |    87 |   256 |       |       |       |       ||   453
       Headbutt          |    11 |    11 |    57 |   155 |   419 |   286 |   132 ||  1071
       War axe           |       |       |    72 |   612 |   551 |       |       ||  1235
       Eveningstar       |       |       |       |    27 |       |    92 |       ||   119
       Broad axe         |       |       |       |       |  1043 |  1028 |   457 ||  2528
Throw: Stone             |       |       |     1 |    12 |     5 |       |       ||    18
       Dart              |       |       |       |     5 |     2 |       |       ||     7
       Javelin           |       |       |       |     2 |       |       |       ||     2
Invok: Trog's Hand       |       |     1 |     4 |    10 |    23 |     4 |     6 ||    48
       Berserk           |       |       |     3 |     5 |     3 |     2 |       ||    13
Evoke: Wand              |       |       |     2 |    16 |     3 |     4 |       ||    25
       Tin of tremorston |       |       |       |     1 |     3 |     3 |     2 ||     9
       Lightning rod     |       |       |       |       |     4 |       |       ||     4
       Box of beasts     |       |       |       |       |     1 |     3 |       ||     4
       Phantom mirror    |       |       |       |       |     1 |     1 |       ||     2
       Phial of floods   |       |       |       |       |       |     1 |     1 ||     2
  Use: Scroll            |       |     7 |    14 |     7 |     9 |    13 |       ||    50
       Potion            |       |       |     2 |       |    13 |     8 |    14 ||    37
 Stab: Petrified         |       |       |       |       |     8 |       |       ||     8
       Distracted        |       |       |       |       |       |     7 |     6 ||    13
Armor: Leather armour    |    19 |       |       |       |       |       |       ||    19
       Animal skin       |     1 |       |       |       |       |       |       ||     1
       Chain mail        |     6 |    42 |    32 |       |       |       |       ||    80
       Plate armour      |       |       |   111 |   316 |   653 |   651 |   292 ||  2023
Dodge: Dodged            |    56 |    21 |    61 |   123 |   278 |   482 |   148 ||  1169
Block: Kite shield       |       |       |    87 |   143 |       |       |       ||   230
       Tower shield      |       |       |       |   285 |  1385 |  1224 |   548 ||  3442
       Reflection        |       |       |       |       |    70 |    33 |    35 ||   138
